 Dungeon Crawl Stone Soup version 0.30-a0-719-gcc4359ea44 (webtiles) character file.

Game seed: 8274406813661902266

0 Cromch the Shield-Bearer (level 1, 22/22 HPs)
             Began as a Troll Fighter on Jan 14, 2022.
             Quit the game on level 1 of the Dungeon on Jan 26, 2023.
             The game lasted 00:01:43 (43 turns).

Cromch the Shield-Bearer (Troll Fighter)              Turns: 43, Time: 00:01:44

Health: 22/22      AC:  4    Str: 23    XL:     1   Next: 8%
Magic:  0/0        EV:  8    Int:  4    God:
Gold:   0          SH:  7    Dex:  9    Spells: 0/0 levels left

rFire   . . .      SeeInvis .      - Unarmed
rCold   . . .      Faith    .    b - +0 kite shield
rNeg    . . .      Spirit   .    a - +0 robe
rPois   .          Reflect  .    (helmet restricted)
rElec   .          Harm     .    (no cloak)
rCorr   .          Rampage  .    (gloves unavailable)
Will    .....                    (boots unavailable)
Stlth   +                        (no amulet)
HPRegen 1.03/turn                (no ring)
MPRegen 0.07/turn                (no ring)

@: no status effects
A: large, unfitting armour, claws 3, regeneration 1, shaggy fur 1, tough skin 1
a: no special abilities


You were on level 1 of the Dungeon.
You visited 1 branch of the dungeon, and saw 1 of its levels.

Inventory:

Armour
 a - a +0 robe (worn)
 b - a +0 kite shield (worn)
Potions
 c - a potion of might


   Skills:
 + Level 2.4 Fighting
 + Level 2.4 Dodging
 + Level 2.6 Shields
 + Level 2.0 Unarmed Combat


You couldn't memorise any spells.
You didn't know any spells.
Your spell library was empty.

Dungeon Overview and Level Annotations

Branches:
Dungeon (1/15)

Altars:


Innate Abilities, Weirdness & Mutations

You are too large for most types of armour.
You have claws for hands.
Your natural rate of healing is unusually fast.
You are covered in fur. (AC +1)
You have tough skin. (AC +1)


Message History

Welcome, Cromch the Troll Fighter.
You feel drawn to the Orb of Zot, downwards into the unfathomable depths...
Press ? for a list of commands and other information.
Found a staircase leading out of the dungeon.
You enter the shallow water.
Moving in this stuff is going to be slow.
Found an escape hatch in the floor.
You open the door.
A goblin comes into view. It is wielding a +0 club.
The goblin shouts!
There is an open door here.
You block the goblin's attack.
You miss the goblin. The goblin hits you with a +0 club.
You scratch the goblin.
You kill the goblin!
Things that are here:
a +0 club; a goblin corpse Welcome back, Cromch the Troll Fighter.
Press ? for a list of commands and other information.
HP restored.
Things that are here:
a +0 club; a goblin corpse You open the door.
There is an open door here.
Welcome back, Cromch the Troll Fighter.
Press ? for a list of commands and other information.
Your movement speed is average.
Your attack delay is about 1.0 (and is slowed by your shield).
Your damage rating with unarmed combat is about 15 (Base [9 + 2 (UC)] x 132% (Str) x 104% (Fight)).
Things that are here:
a +0 club; a goblin corpse Are you sure you want to abandon this character and quit the game? (Confirm with "yes".)

≈~~≈≈~≈≈~~≈≈#
~~~~~~~~~~~~#
............#
.⌠⌠⌠>⌠⌠⌠.8.# #
...........# .#
+###+###'###..##
..............#
############.#.##.###
....... ...#@#
.......#######)##
.......'........#
.......#######..#
....... #..# .......
#..# ....... #..#
....... #..# .......
#..#


There were no monsters in sight!

Vanquished Creatures
  A goblin (D:1)
1 creature vanquished.

Notes
Turn   | Place    | Note
-------+----------+-------------------------------------------
     0 | D:1      | Cromch the Troll Fighter began the quest for the Orb.
     0 | D:1      | Reached XP level 1. HP: 22/22 MP: 0/0
    23 | D:1      | Upgraded the game from 0.28-a0-1506-g3893175d92 to
                  | 0.30-a0-719-gcc4359ea44
    43 | D:1      | Quit the game

Illustrated notes

Levels and vault maps discovered:
D:1:      zaba_arrival_water, layout_basic, serial_forest,
          infiniplex_forest_clump_medium, infiniplex_forest_straight_5,
          infiniplex_forest_lined_ring, infiniplex_forest_clump_small,
          infiniplex_forest_clump_diagonal, infiniplex_forest_clump_small,
          infiniplex_forest_clump_long,
          dreamdust_ecumenical_altar_drowned_temple, lemuel_old_faithful

Action                     || total
---------------------------++-------
  Melee: Unarmed           ||     2
  Block: Kite shield       ||     1

Table legend: (Time is in decaauts)
 A = Elapsed time spent in this place.
 B = Non-inter-level travel time spent in this place.
 C = Inter-level travel time spent in this place.
 D = Time resting spent in this place.
 E = Time spent auto-exploring this place.
 F = Levels seen in this place.
 G = Mean time per level.
                   A        B        C        D        E       F      G
               +--------+--------+--------+--------+--------+-----+--------+
         Total |     49 |      7 |     42 |      0 |      0 |   1 |   49.0 |
       Dungeon |     49 |      7 |     42 |      0 |      0 |   1 |   49.0 |
               +--------+--------+--------+--------+--------+-----+--------+

Top non-repeatable levels by time:
     D:1: 49 daAuts
